 Dungeon Crawl Stone Soup version 0.27-a0-1036-g8e1b44f6bd (webtiles) character file.

Game seed: 4609476810055260258

8508 streetpizza the Fighter (level 11, -8/86 HPs)
             Began as a Djinni Wanderer on Apr 18, 2021.
             Was an Initiate of Makhleb.
             Shot with an arrow by a centaur warrior (19 damage)
             ... on level 10 of the Dungeon.
             The game lasted 00:51:35 (16444 turns).

streetpizza the Fighter (Djinni Wanderer)          Turns: 16444, Time: 00:51:36

Health: -8/86      AC: 14    Str: 10    XL:     11   Next: 32%
Gold:   485        EV: 15    Int: 17    God:    Makhleb [......] SH: 10 Dex: 14

rFire    + + .     SeeInvis .   M - +2 scimitar (flame)
rCold    . . .     Faith    .   n - +0 buckler
rNeg     . . .     Spirit   .   J - +1 acid dragon scales
rPois    ∞         Reflect  +   q - +0 helmet
rElec    .         Harm     .   i - +0 cloak {Stlth+}
rCorr    +         Rampage  .   p - +0 pair of gloves
Will     +....                  (boots unavailable)
Stlth    ++........             l - amulet of reflection
HPRegen  0.24/turn              h - +4 ring of protection
MPRegen  0.00/turn              G - ring of protection from cold

@: flying
A: fire resistance 2, cold vulnerability 1, float, innate caster, hp casting,
extra vitality 1
a: Renounce Religion


You were on level 10 of the Dungeon.
You worshipped Makhleb.
Makhleb was noncommittal.
You visited 2 branches of the dungeon, and saw 11 of its levels.

You collected 485 gold pieces.

Inventory:

Hand Weapons
 D - a +3 vampiric long sword
 M - a +2 scimitar of flaming (weapon)
Missiles
 d - 5 throwing nets
 t - 3 boomerangs of dispersal
 E - 33 poisoned darts (quivered)
 L - 6 javelins
Armour
 i - a +0 cloak of stealth (worn)
 n - a +0 buckler (worn)
 o - the +4 scale mail of the Ward {Will+ Int+3}
   (You found it on level 10 of the Dungeon)

   It affects your intelligence (+3).
   It increases your willpower.
 p - a +0 pair of gloves (worn)
 q - a +0 helmet (worn)
 F - a +0 robe of positive energy
 J - +1 acid dragon scales (worn)
Jewellery
 h - a +4 ring of protection (left hand)
 l - an amulet of reflection (around neck)
 G - a ring of protection from cold (right hand)
Wands
 f - a wand of polymorph (11)
 m - a wand of iceblast (11)
 v - a wand of flame (5)
 B - a wand of acid (14)
Scrolls
 b - 3 scrolls of identify
 e - 4 scrolls of magic mapping
 y - a scroll of fog
Potions
 a - a potion of curing {unknown}
 c - a potion of lignification
 g - 2 potions of attraction {unknown}
 j - a potion of mutation {unknown}
 k - 2 potions of heal wounds
 u - 2 potions of degeneration {unknown}
 w - a potion of brilliance {unknown}
 x - a potion of ambrosia {unknown}
 A - a potion of flight {unknown}
 K - a potion of berserk rage {unknown}


   Skills:
 + Level 10.3 Fighting
 - Level 1.7(5.1) Short Blades
 + Level 7.6(7.7) Long Blades
 - Level 1.5 Throwing
 + Level 9.1 Dodging
 - Level 4.0 Shields
 + Level 7.0 Spellcasting


You had 10 spell levels left.
You knew the following spells:

 Your Spells              Type           Power      Damage    Failure   Level
a - Sandblast             Erth           58%        2d13      1%          1
b - Searing Ray           Conj           58%        3d5       1%          2
c - Teleport Other        Tloc           29%        N/A       3%          3
d - Portal Projectile     Hex/Tloc       58%        N/A       3%          3
e - Borgnjor's Vile Clut  Necr/Erth      14%        N/A       28%         5
Your spell library was empty.

Dungeon Overview and Level Annotations

Branches:
Dungeon (10/15)            Temple (1/1) D:6            Lair (0/6) D:9
    Orc: D:9-12

Altars:
Ashenzari
Cheibriados
Dithmenos
Elyvilon
Fedhas
Gozag
Hepliaklqana
Kikubaaqudgha
Makhleb
Okawaru
Qazlal
Ru
Sif Muna
Trog
Uskayaw
Vehumet
Wu Jian
Xom
Yredelemnul
Zin
The Shining One

Shops:
D:1 *   D:3 (([!!   D:6 (

Annotations:
D:2 Crazy Yiuf
D:10 Erolcha, Maggie


Innate Abilities, Weirdness & Mutations

You are immune to poison.
Your flesh is very heat resistant. (rF++)
You are vulnerable to cold. (rC-)
You float through the air rather than walking.
You learn spells naturally, not from books.
Your magical power is your life essence.
You have superior vitality. (+4 HP)


Message History

Level annotation: Erolcha, Maggie The centaur warrior shoots an arrow.
The arrow hits you!!
There is a stone staircase leading up here.
The centaur warrior shoots an arrow.
The arrow hits you.
The centaur warrior shoots an arrow.
The arrow hits you!
The centaur warrior shoots an arrow.
The arrow completely misses you.
The centaur warrior shoots an arrow.
The arrow hits you.
The centaur warrior unwields a +0 shortbow.
You block the centaur warrior's attack.
The centaur warrior kicks you but does no damage.
The centaur warrior hits you. The centaur warrior barely misses you.
You slash the centaur warrior! You burn the centaur warrior.
The centaur warrior is moderately wounded.
The centaur warrior completely misses you.
You riposte.
You hit the centaur warrior but do no damage.
The centaur warrior is moderately wounded.
The centaur warrior kicks you but does no damage.
You closely miss the centaur warrior.
The centaur warrior is moderately wounded.
The centaur warrior hits you but does no damage.
The centaur warrior kicks you but does no damage.
The centaur warrior hits you! You block the centaur warrior's attack.
The centaur warrior wields a +0 shortbow.
The centaur warrior shoots an arrow.
The arrow hits you!!
* * * LOW HITPOINT WARNING * * *
The centaur warrior shoots an arrow.
The arrow hits you!
* * * LOW HITPOINT WARNING * * *
The centaur warrior shoots an arrow.
You reflect the arrow off an invisible shield around you!
The arrow barely misses the centaur warrior.
The centaur warrior shoots an arrow.
You reflect the arrow off an invisible shield around you!
The arrow hits the centaur warrior!!
The centaur warrior shoots an arrow.
You reflect the arrow off an invisible shield around you!
The arrow hits the centaur warrior!
There is a stone staircase leading up here.
The centaur warrior shoots an arrow.
The arrow hits you!!
You die...

.....# #...#......#
.....###...#...)..##........ ...
......#...........##........ ...
...........#......##......... #.
<..........#......##........# #
..........)########.........# #
..........).######..........## ##
......................#......###.
................@...)###.....c...
....................c.#..........
###................z.............
# ##.....#.......................
#....###......................
#.....#.......[...z........... #
#..............................
......................#..........
.....................###.........


You could see 2 skeletal warriors and a centaur warrior.

Vanquished Creatures
  Harold (D:7)
  Erica (D:9)
  Pikel (D:8)
  A wolf spider (D:9)
  A cyclops (D:6)
  An ugly thing (D:6)
  Maurice (D:8)
  A shadow (D:9)
  2 wyverns (D:9)
  4 basilisks (D:9)
  3 yaks
  A steam dragon (D:8)
  A vampire mosquito (D:10)
  An acid dragon (D:8)
  A water moccasin (D:6)
  2 black bears
  An orc warrior (D:7)
  A sky beast (D:6)
  A hornet zombie (D:7)
  An ice beast (D:8)
  3 ogres
  5 centaurs
  3 lemures (D:8)
  2 phantoms
  2 kobold brigands (D:5)
  5 bullfrogs
  3 gnoll sergeants
  A wyvern zombie (D:7)
  2 water moccasin zombies (D:6)
  4 killer bees (D:9)
  5 wights
  3 howler monkeys (D:7)
  7 hounds
  A bullfrog zombie (D:6)
  4 orc priests
  3 iguanas
  3 orc wizards
  A howler monkey zombie (D:2)
  Robin (D:2)
  5 gnolls
  3 adders
  3 shadow imps
  A white imp (D:6)
  2 ufetubi
  A worm (D:2)
  A dart slug (D:2)
  14 orcs
  2 bats
  3 endoplasms
  2 giant cockroaches (D:1)
  12 goblins
  6 hobgoblins
  3 jackals
  2 quokkas
  2 ball pythons
  2 frilled lizards
  5 kobolds
  4 rats
158 creatures vanquished.

Vanquished Creatures (others)
  An unseen horror (D:10)
  A wyvern (D:9)
  A swamp drake (D:9)
  5 withered plants (D:2)
8 creatures vanquished.

Grand Total: 166 creatures vanquished

Notes
Turn   | Place    | Note
-------+----------+-------------------------------------------
     0 | D:1      | streetpizza the Djinni Wanderer began the quest for the
                  | Orb.
     0 | D:1      | Reached XP level 1. HP: 23/23 MP: 0/0
   215 | D:1      | Reached XP level 2. HP: 29/29 MP: 0/0
   511 | D:1      | Found Ocytam's General Store.
   669 | D:2      | Noticed Robin
   711 | D:2      | Reached skill level 1 in Dodging
   797 | D:2      | Reached XP level 3. HP: 32/34 MP: 0/0
   797 | D:2      | Learned a level 1 spell: Sandblast
   886 | D:2      | Reached skill level 1 in Long Blades
   886 | D:2      | Reached skill level 1 in Spellcasting
   973 | D:2      | Found a faded altar of an unknown god.
  1046 | D:2      | Killed Robin
  1131 | D:2      | Reached XP level 4. HP: 9/40 MP: 0/0
  1433 | D:2      | Found a runed translucent door.
  1434 | D:2      | Noticed Crazy Yiuf
  2103 | D:3      | Found Muwonluh's Antique Weapon Shoppe.
  2197 | D:3      | Found Juwawn's Weapon Shoppe.
  2413 | D:3      | Found Nesar's Distillery.
  2430 | D:3      | Found Taxtizud's Armour Boutique.
  2699 | D:3      | Found Tat Diech's Distillery.
  2851 | D:4      | Noticed an ogre
  3493 | D:4      | Reached XP level 5. HP: 5/46 MP: 0/0
  3493 | D:4      | Learned a level 2 spell: Searing Ray
  4000 | D:5      | Entered Level 5 of the Dungeon
  4345 | D:5      | Noticed a water moccasin
  4395 | D:5      | Noticed a phantom
  4410 | D:5      | Killed a phantom
  4411 | D:5      | Reached XP level 6. HP: 39/51 MP: 0/0
  5257 | D:5      | HP: 2/51 [orc priest/nerve-wracking pain (9)]
  5861 | D:5      | Reached skill level 7 in Fighting
  5861 | D:5      | Reached XP level 7. HP: 32/58 MP: 0/0
  5861 | D:5      | Learned a level 3 spell: Teleport Other
  7022 | D:5      | Reached skill level 1 in Shields
  7194 | D:6      | Noticed a purple ugly thing
  7206 | D:5      | Reached XP level 8. HP: 38/64 MP: 0/0
  7693 | D:6      | Killed a purple ugly thing
  7694 | D:6      | Reached skill level 5 in Dodging
  7712 | D:6      | Found Pamni's Antique Weapon Shop.
  7717 | D:6      | Noticed a cyclops
  8039 | D:6      | Found a staircase to the Ecumenical Temple.
  8396 | D:6      | Reached skill level 8 in Fighting
  8396 | D:6      | Reached XP level 9. HP: 64/70 MP: 0/0
  8396 | D:6      | Learned a level 3 spell: Portal Projectile
  8920 | D:6      | Killed a cyclops
  8921 | D:6      | Reached skill level 5 in Long Blades
  8967 | D:6      | Found a stormy altar of Qazlal.
  9683 | D:7      | Noticed Harold
  9847 | D:7      | Reached skill level 5 in Spellcasting
 10548 | D:7      | Killed Harold
 10549 | D:7      | Reached skill level 9 in Fighting
 10549 | D:7      | Reached XP level 10. HP: 13/78 MP: 0/0
 11031 | Temple   | Entered the Ecumenical Temple
 11431 | Temple   | Became a worshipper of Makhleb the Destroyer
 11964 | D:8      | Noticed Pikel
 11981 | D:8      | Killed Pikel
 12342 | D:8      | Noticed Maurice
 12404 | D:8      | Killed Maurice
 13605 | D:9      | Found a sacrificial altar of Ru.
 13980 | D:9      | Found a staircase to the Lair.
 14803 | D:9      | Reached XP level 11. HP: 65/85 MP: 0/0
 14803 | D:9      | Learned a level 5 spell: Borgnjor's Vile Clutch
 14806 | D:9      | Reached skill level 10 in Fighting
 15329 | D:9      | Noticed Erica
 15351 | D:9      | Killed Erica
 15749 | D:10     | Entered Level 10 of the Dungeon
 15795 | D:10     | Found a broken altar of Ashenzari.
 16068 | D:10     | Noticed Maggie
 16107 | D:10     | Noticed Erolcha
 16133 | D:10     | Identified the +4 scale mail of the Ward {Will+ Int+3}
 16141 | D:10     | Noticed a centaur warrior
 16141 | D:10     | Noticed a brown ugly thing
 16151 | D:10     | Noticed a skeletal warrior
 16151 | D:10     | Noticed a cyclops
 16151 | D:10     | Noticed a wolf spider
 16151 | D:10     | Noticed a skeletal warrior
 16151 | D:10     | Noticed a centaur warrior
 16151 | D:10     | Noticed a boulder beetle
 16151 | D:10     | Noticed an ogre mage
 16216 | D:9      | Killed a wolf spider
 16444 | D:10     | Shot with an arrow by a centaur warrior

Illustrated notes

Levels and vault maps discovered:
D:1:      ebering_trefoil_3fold, layout_loops_ring, serial_shops, shop
D:2:      layout_rooms, shapermc_ecumenical_altar_flowoftime, uniq_robin,
          uniq_crazy_yiuf_cottage
D:3:      wad_pebble_path, layout_basic, serial_shops, shop, shop,
          nicolae_shop_behind_doors, shop, nicolae_shop_statue_plus
D:4:      layout_layer_cave
D:5:      layout_basic
D:6:      layout_layer_cave, nicolae_qazlal_style_of_elements,
          minmay_temple_entry_from_below_b, serial_shops,
          nicolae_shop_temple_entry_statues_fountains, minmay_chambers_of_fives
D:7:      layout_cave_pods, kennysheep_small_square, uniq_harold
D:8:      layout_layer_cave, enter_bailey_5, uniq_pikel, uniq_maurice
D:9:      layout_loops_ring, nicolae_ru_path_of_blood, erik_lair_dragon,
          uniq_erica
D:10:     layout_big_octagon, general_overflow_altar, lemuel_doored_altar,
          serial_shops, shop, serial_gnoll_camp, gnoll_camp_mini_shop,
          gnoll_camp_mini_hut, gnoll_camp_huts_basic, gnoll_camp_mini_doghouse,
          gnoll_camp_mini_basic, minivault_28, uniq_erolcha, uniq_maggie
Temple:   regret_index_temple_mists

Skill      XL: |  1  2  3  4  5  6  7  8  9 10 11 |
---------------+----------------------------------+-----
Dodging        | 1 2 3 4 5 7 8 9 |  9.1
Long Blades    | 1 2 3 4 6 7 |  7.6
Spellcasting   | 1 2 3 4 5 6 7 |  7.0
Fighting       | 7 8 9 10 | 10.3
Shields        | 3 4 |  4.0
Short Blades   | |  1.7
Throwing       | |  1.5

Action                   |  1- 3 |  4- 6 |  7- 9 | 10-12 || total
-------------------------+-------+-------+-------+-------++-------
Melee: Short sword       |    50 |       |       |       ||    50
       Dagger            |    70 |   246 |    27 |       ||   343
       Long sword        |       |       |   322 |   282 ||   604
       Scimitar          |       |       |       |    54 ||    54
Throw: Dart              |       |       |     1 |       ||     1
 Cast: Searing Ray       |       |       |     1 |     1 ||     2
       Teleport Other    |       |       |     1 |       ||     1
  Use: Potion            |       |     2 |     1 |     2 ||     5
       Scroll            |       |       |       |    12 ||    12
 Stab: Confused          |       |       |       |     2 ||     2
Armor: Robe              |    28 |    51 |    87 |     6 ||   172
       Acid dragon scale |       |       |       |    81 ||    81
Dodge: Dodged            |    54 |    90 |   198 |   161 ||   503
Block: Other             |       |    35 |    13 |       ||    48
       Buckler           |       |       |   138 |   160 ||   298
       Reflection        |       |       |    11 |    19 ||    30
       Rpst.: Long sword |       |       |    47 |    37 ||    84
       Scimitar          |       |       |       |     7 ||     7

Table legend: (Time is in decaauts)
 A = Elapsed time spent in this place.
 B = Non-inter-level travel time spent in this place.
 C = Inter-level travel time spent in this place.
 D = Time resting spent in this place.
 E = Time spent auto-exploring this place.
 F = Levels seen in this place.
 G = Mean time per level.
                   A        B        C        D        E       F      G
               +--------+--------+--------+--------+--------+-----+--------+
         Total |  16451 |  16043 |    408 |   2312 |  10650 |  11 | 1495.5 |
       Dungeon |  16041 |  15633 |    408 |   2312 |  10283 |  10 | 1604.1 |
        Temple |    409 |    409 |      0 |      0 |    367 |   1 |  409.0 |
               +--------+--------+--------+--------+--------+-----+--------+

Top non-repeatable levels by time:
     D:5: 3583 daAuts
     D:9: 2455 daAuts
     D:8: 1865 daAuts
     D:6: 1858 daAuts
     D:7: 1853 daAuts
     D:2: 1147 daAuts
     D:4: 1130 daAuts
     D:1: 930 daAuts
     D:3: 790 daAuts
    D:10: 426 daAuts
  Temple: 409 daAuts
